 Dungeon Crawl Stone Soup version 0.29-a0-380-gf50f0a9fbc (webtiles) character file.

Game seed: 529146741514863188

204 Antichthon the Skirmisher (level 6, -1/48 HPs)
             Began as a Formicid Abyssal Knight on May 5, 2022.
             Was a Priest of Lugonu.
             Slain by a kobold
             ... wielding a +0 club
              (2 damage)
             ... on level 3 of the Dungeon.
             The game lasted 00:05:27 (4680 turns).

Antichthon the Skirmisher (Formicid Abyssal Knight) Turns: 4680, Time: 00:05:28

Health: -1/48      AC:  9    Str: 17    XL:     6   Next: 9%
Magic:  8/8        EV: 10    Int: 10    God:    Lugonu [***...]
Gold:   64         SH:  0    Dex: 13    Spells: 5/5 levels left

rFire   . . .      SeeInvis +   a - +1 falchion
rCold   . . .      Faith    .   (no shield)
rNeg    . . .      Spirit   .   l - +0 scale mail
rPois   .          Reflect  .   (helmet unavailable)
rElec   .          Harm     .   (no cloak)
rCorr   .          Rampage  .   (no gloves)
Will    .....                   k - +2 pair of boots {Fly}
Stlth   ..........              (no amulet)
HPRegen 0.16/turn               (no ring)
MPRegen 0.11/turn               (no ring)

@: flying
A: permanent stasis, dig shafts and tunnels, antennae 3, four strong arms
a: Dig, Shaft Self, Renounce Religion, Depart the Abyss, Bend Space, Banish


You were on level 3 of the Dungeon.
You worshipped Lugonu.
Lugonu was most pleased with you.
You visited 1 branch of the dungeon, and saw 3 of its levels.
You visited the Abyss 1 time.

You collected 108 gold pieces.
You spent 44 gold pieces at shops.

Inventory:

Hand Weapons
 a - a +1 falchion (weapon)
Armour
 k - a +2 pair of boots of flying (worn)
 l - a +0 scale mail (worn)
Scrolls
 b - a scroll of identify
 e - a scroll of amnesia
 f - 2 scrolls of enchant weapon
 g - a scroll of brand weapon {unknown}
 h - a scroll of blinking {unknown}
 j - a scroll of teleportation {unknown}


   Skills:
 * Level 4.3 Fighting
 * Level 3.0 Long Blades
 * Level 1.1 Crossbows
 * Level 3.1 Armour
 * Level 1.5 Dodging
 * Level 1.4 Stealth
 * Level 1.5 Shields
 * Level 2.8 Invocations
 * Level 1.1 Evocations


You had 5 spell levels left.
You didn't know any spells.
Your spell library contained the following spells:

 Spells                   Type           Power      Damage    Failure   Level
 Animate Skeleton         Necr           0%         N/A       77%         1
 Apportation              Tloc           0%         N/A       77%         1
 Pain                     Necr           0%         1d4       77%         1
 Summon Small Mammal      Summ           0%         N/A       77%         1
 Agony                    Necr           0%         N/A       100%        5
 Excruciating Wounds      Necr           0%         N/A       100%        5


Dungeon Overview and Level Annotations

Branches:
Dungeon (3/15)

Altars:
Hepliaklqana

Shops:
D:1 ?

Portals:
Abyss: D:1***


Innate Abilities, Weirdness & Mutations

You cannot be hasted, slowed, berserked, paralysed or teleported.
You can dig through walls and to a lower floor.
You have a pair of large antennae on your head. (SInv)
Your four strong arms can wield two-handed weapons with a shield.


Message History

You kill the gnoll!
Lugonu accepts your kill. The kobold hits you with a +0 club.
* * * LOW HITPOINT WARNING * * *
The kobold closely misses you. The kobold hits you with a +0 club.
* * * LOW HITPOINT WARNING * * *
The kobold barely misses you. The kobold hits you but does no damage.
The kobold hits you with a +0 club.
* * * LOW HITPOINT WARNING * * *
The kobold barely misses you.
Your Long Blades skill increases to level 3!
Unknown command.
Okay, then.
It was a potion of haste.
Your stasis prevents you from being hasted.
The kobold barely misses you. The kobold misses you.
The kobold hits you but does no damage. The kobold hits you with a +0 club.
* * * LOW HITPOINT WARNING * * *
It was a potion of magic.
Magic courses through your body. The kobold completely misses you.
The kobold barely misses you. x2
The kobold closely misses you. The kobold closely misses you.
You closely miss the kobold.
The kobold hits you but does no damage. x2
You hit the kobold.
You kill the kobold!
Lugonu accepts your kill. The kobold barely misses you.
You hit the kobold.
You kill the kobold!
Lugonu accepts your kill.
The kobold hits you but does no damage. x2
You hit the kobold but do no damage.
The kobold is moderately wounded.
The kobold hits you with a +0 club.
* * * LOW HITPOINT WARNING * * *
The kobold hits you but does no damage.
You barely miss the kobold.
The kobold is moderately wounded.
The kobold hits you with a +0 club.
You die...

#...............................
#≈≈.≈≈≈...≈≈≈≈≈≈≈≈≈≈..≈.≈≈.≈≈.≈≈
#≈≈≈≈≈≈≈≈≈≈≈≈≈≈≈≈≈≈≈≈≈≈≈≈≈≈≈≈≈≈≈
#≈≈≈≈≈≈≈≈≈≈≈≈≈≈≈≈≈≈≈≈≈≈≈≈≈≈≈≈≈≈≈
#≈≈≈≈≈≈≈≈≈#####≈≈≈≈≈≈≈≈≈≈≈≈≈≈≈≈≈
#≈≈≈≈≈≈≈≈≈#...##################
#≈≈≈≈≈≈≈≈≈#.KK#..............#..
#≈≈≈≈≈≈≈≈≈#...#..............'..
##≈≈≈≈≈≈≈≈##)##@.............###
#≈≈≈≈≈≈≈≈≈#.)KK)(########......
#≈≈≈≈≈≈≈≈≈#......# #......
##≈≈≈≈≈≈≈≈#......########......
#≈≈≈≈≈≈≈##'##..............###
##≈≈≈≈≈≈#...#.........)....(.(
#≈≈≈≈≈≈#)).#..............#..
##≈≈≈≈≈#...##################
##≈≈≈≈#####≈≈≈≈≈≈≈≈≈≈≈≈≈≈≈≈≈


You could see 2 kobolds.

Vanquished Creatures
  A hound (D:3)
  6 adders
  3 gnolls (D:3)
  A worm (D:2)
  A dart slug (D:2)
  6 ball pythons
  8 bats
  3 endoplasms
  3 giant cockroaches (D:1)
  2 goblins (D:3)
  10 hobgoblins
  7 jackals
  3 quokkas (D:1)
  3 frilled lizards
  16 kobolds
  7 rats
80 creatures vanquished.

Notes
Turn   | Place    | Note
-------+----------+-------------------------------------------
     0 | Abyss:1  | Antichthon the Formicid Abyssal Knight began the quest for
                  | the Orb.
     0 | Abyss:1  | Reached XP level 1. HP: 18/18 MP: 2/2
     0 | D:1      | Escaped the Abyss
   175 | D:1      | Reached XP level 2. HP: 24/24 MP: 3/3
   232 | D:1      | Reached ** piety under Lugonu
   423 | D:1      | Reached XP level 3. HP: 19/30 MP: 4/4
   728 | D:1      | Found Peschuem's Magic Scroll Boutique.
   738 | D:1      | Reached skill level 1 in Dodging
   744 | D:1      | Bought a scroll of identify for 22 gold pieces
  1567 | D:2      | Reached skill level 4 in Fighting
  2017 | D:2      | Reached XP level 4. HP: 5/37 MP: 5/5
  2903 | D:1      | Bought a scroll of identify for 22 gold pieces
  2966 | D:2      | Found a faded altar of an unknown god.
  3113 | D:3      | Reached skill level 1 in Stealth
  3113 | D:3      | Reached skill level 1 in Shields
  3406 | D:3      | Reached XP level 5. HP: 33/42 MP: 6/6
  3413 | D:3      | Reached skill level 1 in Evocations
  3839 | D:3      | Reached skill level 1 in Crossbows
  4025 | D:3      | Found a hazy altar of Hepliaklqana.
  4196 | D:3      | Reached *** piety under Lugonu
  4651 | D:3      | Reached XP level 6. HP: 45/48 MP: 8/8
  4673 | D:3      | HP: 2/48 [kobold/+0 club (2)]
  4679 | D:3      | HP: 1/48 [kobold/+0 club (2)]
  4680 | D:3      | Slain by a kobold

Illustrated notes

Levels and vault maps discovered:
D:1:      minmay_arrival_glassed_features, layout_loops_ring, serial_shops,
          shop_statue, minmay_misc_feat_chi
D:2:      layout_basic, hellmonk_ecumenical_altar_leap_of_faith,
          kennysheep_potato
D:3:      minmay_goblin_kobold_castle, layout_rooms,
          nicolae_hepliaklqana_hippocampus, minmay_misc_feat_more_columns,
          dk_noncrumbling_4, chequers_serial_rivers_micro_d

Skill      XL: |  1  2  3  4  5  6 |
---------------+-------------------+-----
Dodging        | 1 |  1.5
Fighting       | 4 |  4.3
Stealth        | 1 |  1.4
Shields        | 1 |  1.5
Evocations     | 1 |  1.1
Armour         | 3 |  3.1
Crossbows      | 1 |  1.1
Long Blades    | 3 |  3.0
Invocations    | |  2.8

Action                   |  1- 3 |  4- 6 || total
-------------------------+-------+-------++-------
Melee: Falchion          |   113 |   169 ||   282
       Punch             |     1 |     2 ||     3
Invok: Depart the Abyss  |     1 |       ||     1
 Abil: Dig               |     1 |       ||     1
  Use: Scroll            |     2 |     2 ||     4
       Potion            |       |     4 ||     4
 Stab: Sleeping          |     1 |       ||     1
Armor: Leather armour    |    49 |    11 ||    60
       Scale mail        |       |    95 ||    95
Dodge: Dodged            |    88 |   174 ||   262

Table legend: (Time is in decaauts)
 A = Elapsed time spent in this place.
 B = Non-inter-level travel time spent in this place.
 C = Inter-level travel time spent in this place.
 D = Time resting spent in this place.
 E = Time spent auto-exploring this place.
 F = Levels seen in this place.
 G = Mean time per level.
                   A        B        C        D        E       F      G
               +--------+--------+--------+--------+--------+-----+--------+
         Total |   4731 |   4598 |    133 |    149 |   3538 |   4 | 1182.8 |
       Dungeon |   4731 |   4598 |    133 |    149 |   3538 |   3 | 1577.0 |
         Abyss |      0 |      0 |      0 |      0 |      0 |   1 |    0.0 |
               +--------+--------+--------+--------+--------+-----+--------+

Top non-repeatable levels by time:
     D:2: 1828 daAuts
     D:3: 1645 daAuts
     D:1: 1257 daAuts
